 Dungeon Crawl Stone Soup version 0.24-a0-278-gefa1973 (webtiles) character file.

Game seed: 3178093997837714265

62 Hasart the Firebug (level 3, 0/19 HPs)
             Began as a Deep Elf Fire Elementalist on Apr 30, 2019.
             Killed from afar by an orc wizard (6 damage)
             ... with a puff of flame
             ... on level 3 of the Dungeon.
             The game lasted 00:02:41 (1515 turns).

Hasart the Firebug (Deep Elf Fire Elementalist)     Turns: 1515, Time: 00:02:42

Health: 0/19       AC:  4    Str:  5    XL:     3   Next: 85%
Magic:  0/10       EV: 13    Int: 20    God:
Gold:   132        SH:  0    Dex: 15    Spells: 8/9 levels left

rFire    . . .     SeeInvis .   (no weapon)
rCold    . . .     Gourm    .   (no shield)
rNeg     . . .     Faith    .   a - +0 robe
rPois    .         Spirit   .   (no helmet)
rElec    .         Reflect  .   (no cloak)
rCorr    .         Harm     .   d - +1 pair of gloves
MR       .....                  (no boots)
Stlth    +.........             (no amulet)
HPRegen  0.06/turn              (no ring)
MPRegen  0.12/turn              (no ring)

@: confused, very slightly contaminated
A: no striking features
a: no special abilities


You were on level 3 of the Dungeon.
You were not hungry.

You visited 1 branch of the dungeon, and saw 3 of its levels.

You collected 132 gold pieces.

Inventory:

Armour
 a - a +0 robe (worn)
 d - a +1 pair of gloves (worn)
Scrolls
 b - a scroll of enchant armour {unknown}
 e - a scroll of random uselessness {unknown}
 f - a scroll of remove curse {unknown}
 g - 4 scrolls of identify {unknown}
 k - 2 scrolls of immolation {unknown}
 n - a scroll of enchant weapon {unknown}
Potions
 h - 2 potions of brilliance {unknown}
 i - 2 potions of mutation {unknown}
 j - a potion of curing {unknown}
 m - a potion of heal wounds {unknown}
 o - a potion of lignification {unknown}
Comestibles
 c - 7 rations
 l - 4 chunks of flesh


   Skills:
 + Level 3.0 Dodging
 - Level 2.4 Stealth
 + Level 3.6 Spellcasting
 * Level 2.4 Conjurations
 * Level 4.0 Fire Magic


You had 8 spell levels left.
You knew the following spells:

 Your Spells              Type           Power        Failure   Level  Hunger
a - Flame Tongue          Conj/Fire      ###..        3%          1    None

Your spell library contained the following spells:

 Spells                   Type           Power        Failure   Level  Hunger
 Throw Flame              Conj/Fire      ###...       5%          2    ##.....
 Conjure Flame            Conj/Fire      ###.....     11%         3    ###....
 Inner Flame              Hex/Fire       ##......     17%         3    ###....
 Sticky Flame             Conj/Fire      ###.....     34%         4    ####...
 Fireball                 Conj/Fire      ###.......   67%         5    ######.


Dungeon Overview and Level Annotations

Branches:
Dungeon (3/15)

Altars:
Ashenzari
Vehumet


Message History

Aiming: Flame Tongue (safe; 3% risk of failure)
Press: ? - help, Shift-Dir - straight line The flame tongue hits something.
Something hits you.
* * * LOW HITPOINT WARNING * * *
Casting: Flame Tongue (safe; 3% risk of failure)
Confirm with . or Enter, or press ? or * to list all spells.
Aiming: Flame Tongue (safe; 3% risk of failure)
Press: ? - help, Shift-Dir - straight line You miscast Flame Tongue.
You are very lightly contaminated with residual magic.
Nothing appears to happen.
You hear some strange, mumbled words.
Something tries to affect you, but you resist.
You hear some strange, mumbled words.
You are confused.
You see here a hobgoblin skeleton.
You're too confused to move!
A puff of flame appears from out of thin air!
The puff of flame hits you.
You die...

#.)......###.#.##
#...............##
#.........##.....# #.#
#.........##....## # #.#
#.........##.#..##.# #.#
#.....{...##.......# #.#
#...)รท....####..#### #.#
####.####..))..%# #.# #@#
#####...# #.# #.# #.....# ##.##
##.## #....)..#
#...###########...####.........#
......)..............+.........+
#...###########...####.........#
##.## ##.## ##.......## #.# #.#
#.# #.#


There were no monsters in sight!

Vanquished Creatures
  An adder (D:2)
  A worm (D:2)
  A leopard gecko (D:2)
  3 orcs (D:3)
  A giant cockroach (D:1)
  7 goblins (D:1)
  6 hobgoblins
  2 jackals (D:1)
  A quokka (D:3)
  7 bats
  3 frilled lizards
  4 kobolds
  7 rats
44 creatures vanquished.

Notes
Turn   | Place    | Note
-------+----------+-------------------------------------------
     0 | D:1      | Hasart the Deep Elf Fire Elementalist began the quest for
                  | the Orb.
     0 | D:1      | Reached XP level 1. HP: 10/10 MP: 6/6
   206 | D:1      | Reached XP level 2. HP: 15/15 MP: 4/8
   542 | D:1      | Reached XP level 3. HP: 19/19 MP: 0/9
   845 | D:2      | Found a shattered altar of Ashenzari.
  1057 | D:2      | Found a radiant altar of Vehumet.
  1440 | D:3      | Reached skill level 4 in Fire Magic
  1515 | D:3      | Killed from afar by an orc wizard

Levels and vault maps discovered:
D:1:      minmay_arrival_wavy_path, layout_rooms
D:2:      layout_basic, fiery_altar_vehumet, lemuel_crystal_altar
D:3:      layout_loops_corners

Skill      XL: |  1  2  3 |
---------------+----------+-----
Conjurations   | 2 |  2.4
Dodging        | 3 |  3.0
Fire Magic     | 4 |  4.0
Stealth        | |  2.4
Spellcasting   | |  3.6

Action                   || total
-------------------------++-------
 Cast: Flame Tongue      ||    80
  Eat: Chunk             ||     2
Armor: Robe              ||     5
Dodge: Dodged            ||    21

Table legend:
 A = Non-vault XP
 B = Vault XP
 C = Vault XP percentage of total XP
 D = Non-vault monster count
 E = Vault monster count
 F = Vault count percentage of total count
                 A         B        C        D         E       F
            +---------+---------+-------+---------+---------+-------
      Total |      89 |       0 |   0.0 |      44 |       0 |   0.0
            +---------+---------+-------+---------+---------+-------
        D:1 |      42 |       0 |   0.0 |      25 |       0 |   0.0
        D:2 |      31 |       0 |   0.0 |      11 |       0 |   0.0
        D:3 |      16 |       0 |   0.0 |       8 |       0 |   0.0
            +---------+---------+-------+---------+---------+-------
